 Dungeon Crawl Stone Soup version 0.32-a0-560-g4c7f4391e0 (webtiles) character file.

Game seed: 16190663277453747124

2079 lunkers the Cleaver (level 9, 0/68 HPs)
             Began as a Coglin Gladiator on Feb 29, 2024.
             Was a Priest of Okawaru.
             Slain by a black bear (4 damage)
             ... on level 5 of the Dungeon.
             The game lasted 00:05:37 (4521 turns).

lunkers the Cleaver (Coglin Gladiator)              Turns: 4521, Time: 00:05:38

Health: 0/68       AC: 10    Str: 19    XL:     9   Next: 26%
Magic:  9/10       EV: 10    Int:  8    God:    Okawaru [***...]
Gold:   220        SH:  0    Dex: 15    Spells: 8/8 levels left

rFire   . . .        a - +1 war axe {Somchit}
rCold   . . .        r - +4 flail {Friðuswiþ}
rNeg    . . .        p - +0 scale mail
rPois   .            c - +0 helmet
rElec   .            b - +0 cloak
rCorr   .            x - +0 pair of gloves
SInv    .            k - +0 pair of boots
Will    .....        (amulet unavailable) Stlth
                     (ring unavailable)
HPRegen 0.31/turn    (ring unavailable)
MPRegen 0.12/turn    (no gizmo)

%: no passive effects
@: revved
A: off-hand wielding, slow wielding, warmup strikes, no jewelry
a: Invent Gizmo, Renounce Religion, Heroism


You were on level 5 of the Dungeon.
You worshipped Okawaru.
Okawaru was most pleased with you.
You visited 1 branch of the dungeon, and saw 5 of its levels.
You also visited: Sewer.

You collected 220 gold pieces.

Inventory:

Hand Weapons
 a - a +1 war axe (weapon) {Somchit}
 i - a +0 long sword {Henutemipet}
 l - a +0 mace {Rubén}
 r - a +4 flail (offhand) {Friðuswiþ}
Missiles
 d - 3 throwing nets
 e - a javelin
 y - a curare-tipped dart
Armour
 b - a +0 cloak (worn)
 c - a +0 helmet (worn)
 k - a +0 pair of boots (worn)
 p - a +0 scale mail (worn)
 x - a +0 pair of gloves (worn)
Wands
 s - a wand of flame (12)
Scrolls
 o - a scroll of fog
 t - a scroll of teleportation
 z - a scroll of poison {unknown}
 A - a scroll of enchant weapon
 C - a scroll of vulnerability {unknown}
 D - 4 scrolls of identify {unknown}
 E - a scroll of blinking
 G - 2 scrolls of immolation {unknown}
 H - a scroll of amnesia {unknown}
Potions
 f - a potion of attraction {unknown}
 g - 3 potions of magic {unknown}
 h - a potion of heal wounds {unknown}
 j - 2 potions of invisibility {unknown}
 m - 2 potions of lignification {unknown}
 n - a potion of brilliance {unknown}
 q - 2 potions of haste {unknown}
 u - a potion of curing {unknown}
 v - 2 potions of cancellation {unknown}
 w - 2 potions of might {unknown}
 B - a potion of enlightenment {unknown}
 F - a potion of mutation {unknown}


   Skills:
 + Level 5.2 Fighting
 + Level 11.1 Axes
 - Level 1.7 Throwing
 - Level 2.6 Dodging
 + Level 1.4 Invocations


You had 8 spell levels left.
You didn't know any spells.
Your spell library contained the following spells:

 Spells                   Type           Power      Damage    Failure   Level
 Magic Dart               Conj           0%         1d3       80%         1
 Blink                    Tloc           0%         N/A       91%         2
 Passage of Golubria      Tloc           0%         N/A       100%        4
 Yara's Violent Unravell  Hex/Alch       0%         3d3       100%        5
 Call Imp                 Summ           Unusable   N/A       N/A         2
 Tukima's Dance           Hex            Unusable   N/A       N/A         3

Dungeon Overview and Level Annotations

Branches:
Dungeon (5/15)              Sewer (visited)
 Temple: D:4-7

Altars:
Dithmenos
Okawaru
Qazlal
Uskayaw
Wu Jian

Shops:
D:1 =

Annotations:
D:1 2 transporters


Innate Abilities, Weirdness & Mutations

You can wield a second weapon in your off-hand.
It takes a long time for you to wield or remove held weapons.
Your first few attacks do less damage.
You cannot equip rings or amulets.


Message History

The black bear is heavily wounded.
You hit the black bear with your +1 war axe.
You slash the ogre with your +1 war axe!
The black bear bites you. The black bear claws you.
The black bear barely misses you.
You hit the ogre with your +4 flail.
The ogre is heavily wounded.
You slash the ogre with your +1 war axe!
You hit the black bear with your +1 war axe.
The ogre hits you with a +0 giant club!
* * * LOW HITPOINT WARNING * * *
The black bear bites you but does no damage.
The black bear claws you but does no damage.
The black bear closely misses you.
You closely miss the black bear with your +4 flail.
The black bear is heavily wounded.
You hit the black bear with your +1 war axe.
You hit the ogre with your +1 war axe. The ogre hits you with a +0 giant club.
* * * LOW HITPOINT WARNING * * *
The black bear goes berserk!
You barely miss the black bear with your +4 flail.
The black bear is severely wounded.
You hit the black bear with your +1 war axe.
You completely miss the ogre with your +1 war axe.
The black bear barely misses you.
The black bear claws you but does no damage.
The black bear claws you.
* * * LOW HITPOINT WARNING * * *
You hit the black bear with your +1 war axe.
The black bear is almost dead.
You hit the ogre with your +1 war axe.
You hit the black bear with your +4 flail.
The black bear barely misses you.
The black bear claws you but does no damage. x2
The ogre hits you with a +0 giant club!!
* * * LOW HITPOINT WARNING * * *
The black bear bites you.
* * * LOW HITPOINT WARNING * * *
The black bear claws you.
You die...

##.....####......
.....#...##.............
##...##...#.............
.#.#.###..........>.....
.#.#.###................
.....#.#................
...#........##.........#
..###.#.....##...O.....#
....###.........@)....).
...###...........h......
........................
.###....................
.##....##.........#....#
.#......#.........#.#.##
.#.##...#..............#
...###.##......<...##..##
##...........#.....##...#


You could see a black bear (berserk) and an ogre.

Vanquished Creatures
  Pikel (D:4)
  Grinder (D:3)
  Edmund (D:5)
  2 ogres (D:4)
  2 phantoms
  A centaur (D:5)
  2 lemures (D:4)
  2 kobold brigands (Sewer)
  A bullfrog (D:5)
  A scorpion (D:5)
  2 bombardier beetles (D:5)
  A jelly (D:4)
  Crazy Yiuf (D:3)
  An orc priest (D:3)
  A hound (D:4)
  An iguana (D:4)
  Jessica (D:3)
  5 orc wizards
  Robin (D:2)
  A gnoll (D:1)
  11 adders
  A shadow imp (D:5)
  A white imp (D:5)
  2 ufetubi (D:5)
  2 dart slugs
  5 ribbon worms
  16 orcs
  7 bats
  7 endoplasms
  5 giant cockroaches
  8 goblins (D:2)
  10 hobgoblins
  15 jackals
  5 quokkas
  14 ball pythons
  4 frilled lizards (D:1)
  15 kobolds
  8 rats
165 creatures vanquished.

Notes
Turn   | Place    | Note
-------+----------+-------------------------------------------
     0 | D:1      | lunkers the Coglin Gladiator began the quest for the Orb.
     0 | D:1      | Reached XP level 1. HP: 16/16 MP: 1/1
   141 | D:1      | Reached XP level 2. HP: 9/22 MP: 2/2
   303 | D:1      | Reached skill level 4 in Axes
   379 | D:1      | Reached XP level 3. HP: 22/27 MP: 3/3
   550 | D:1      | Found a transporter.
   550 | D:1      | Found Hamidwuil's Jewellery Shop.
   592 | D:1      | Found a transporter.
   919 | D:2      | Reached XP level 4. HP: 33/33 MP: 4/4
  1067 | D:2      | Reached skill level 5 in Axes
  1071 | D:2      | Found a hide-covered altar of Uskayaw.
  1178 | D:2      | Noticed Robin
  1181 | D:2      | Killed Robin
  1269 | D:2      | Found a faded altar of an unknown god.
  1487 | D:3      | Reached XP level 5. HP: 38/38 MP: 5/5
  1574 | D:3      | Reached skill level 6 in Axes
  1823 | D:3      | Found an iron altar of Okawaru.
  1826 | D:3      | Noticed Grinder
  1838 | D:3      | Killed Grinder
  1839 | D:3      | Reached skill level 7 in Axes
  1839 | D:3      | Reached XP level 6. HP: 7/44 MP: 6/6
  1842 | D:3      | Became a worshipper of Warmaster Okawaru
  2136 | D:3      | Found a runed translucent door.
  2137 | D:3      | Noticed Crazy Yiuf
  2359 | D:3      | Noticed Jessica
  2362 | D:3      | Killed Jessica
  2632 | D:3      | Killed Crazy Yiuf
  2633 | D:3      | Reached XP level 7. HP: 26/49 MP: 7/7
  2846 | D:4      | Reached skill level 8 in Axes
  2848 | D:4      | Reached * piety under Okawaru
  3021 | D:4      | Found a glowing drain.
  3041 | Sewer    | Entered a sewer
  3067 | Sewer    | Reached skill level 9 in Axes
  3126 | Sewer    | Reached XP level 8. HP: 41/56 MP: 8/8
  3487 | D:4      | Noticed Pikel
  3510 | D:4      | Killed Pikel
  3510 | D:4      | Reached ** piety under Okawaru
  3511 | D:4      | Reached skill level 10 in Axes
  3858 | D:5      | Entered Level 5 of the Dungeon
  4118 | D:5      | Reached XP level 9. HP: 66/66 MP: 9/9
  4332 | D:5      | Reached skill level 5 in Fighting
  4332 | D:5      | Reached skill level 11 in Axes
  4333 | D:5      | Reached skill level 1 in Invocations
  4409 | D:5      | Reached *** piety under Okawaru
  4453 | D:5      | Found an ornate altar of the Wu Jian Council.
  4456 | D:5      | Found a shadowy altar of Dithmenos.
  4459 | D:5      | Found a stormy altar of Qazlal.
  4507 | D:5      | Noticed Edmund
  4516 | D:5      | Killed Edmund
  4521 | D:5      | Slain by a black bear

Illustrated notes

Levels and vault maps discovered:
D:1:      moated_graveyard_arrival, layout_basic, serial_shops,
          nicolae_shop_drivethru
D:2:      layout_basic, basic_altar, shapermc_ecumenical_altar_acropolis,
          st_stairs_8, grunt_ministairs_13, uniq_robin
D:3:      layout_loops_corners, okawaru_gym_becter, minmay_misc_feat_square,
          uniq_jessica, uniq_grinder, uniq_crazy_yiuf_cottage
D:4:      layout_rooms, mainiacjoe_sewer_entry_somewhere_in_here_1,
          minmay_pentomino_pile, uniq_pikel
D:5:      layout_cave_pools, grunt_temple_overflow_diamond, serial_park,
          serial_park_tiny_pond, serial_park_tiny_pond, serial_park_tiny_2,
          uniq_edmund

Skill      XL: |  1  2  3  4  5  6  7  8  9 |
---------------+----------------------------+-----
Axes           | 4 5 7 9 10 11 | 11.1
Fighting       | 4 5 |  5.2
Invocations    | 1 |  1.4
Throwing       | |  1.7
Dodging        | |  2.6

Action                     |  1- 3 |  4- 6 |  7- 9 || total
---------------------------+-------+-------+-------++-------
  Melee: War axe           |    61 |    92 |   162 ||   315
         Long sword        |    11 |       |       ||    11
         Club              |     4 |       |       ||     4
         Mace              |    30 |    67 |       ||    97
         Flail             |       |    21 |   165 ||   186
    Use: Scroll            |       |       |     5 ||     5
   Stab: Sleeping          |     5 |       |       ||     5
 Armour: Leather armour    |    34 |    12 |       ||    46
         Scale mail        |       |    64 |   177 ||   241
  Dodge: Dodged            |    50 |    50 |    99 ||   199

Table legend: (Time is in decaauts)
 A = Elapsed time spent in this place.
 B = Non-inter-level travel time spent in this place.
 C = Inter-level travel time spent in this place.
 D = Time resting spent in this place.
 E = Time spent auto-exploring this place.
 F = Levels seen in this place.
 G = Mean time per level.
                   A        B        C        D        E       F      G
               +--------+--------+--------+--------+--------+-----+--------+
         Total |   4604 |   4542 |     62 |      0 |   3612 |   6 |  767.3 |
       Dungeon |   4318 |   4256 |     62 |      0 |   3418 |   5 |  863.6 |
         Sewer |    286 |    286 |      0 |      0 |    193 |   1 |  286.0 |
               +--------+--------+--------+--------+--------+-----+--------+

Top non-repeatable levels by time:
     D:3: 1253 daAuts
     D:4: 883 daAuts
     D:2: 807 daAuts
     D:1: 709 daAuts
     D:5: 664 daAuts
   Sewer: 286 daAuts
